 Dungeon Crawl Stone Soup version 0.30.0-19-g36f170ea60 (webtiles) character file.

Game seed: 3737166912913792060

91 Hubris850 the Sneak (level 4, -4/21 HPs)
             Began as a Spriggan Enchanter on May 30, 2023.
             Was a Follower of Nemelex Xobeh.
             Slain by an orc
             ... wielding a +0 flail
              (8 damage)
             ... on level 3 of the Dungeon.
             The game lasted 00:07:25 (2317 turns).

Hubris850 the Sneak (Spriggan Enchanter)            Turns: 2317, Time: 00:07:26

Health: -4/21      AC:  2    Str:  4    XL:     4   Next: 34%
Magic:  9/9        EV: 18    Int: 16    God:    Nemelex Xobeh [*.....]
Gold:   37         SH:  0    Dex: 17    Spells: 6/8 levels left

rFire   + . .        s - +2 dagger (venom)
rCold   + . .        (no shield)
rNeg    . . .        d - +0 robe
rPois   .            (helmet restricted)
rElec   .            (no cloak)
rCorr   .            (gloves unavailable)
SInv    +            (boots unavailable)
Will    .....        h - amulet of faith
Stlth   +++          g - ring of protection from fire
HPRegen 0.23/turn    l - ring of protection from cold
MPRegen 0.11/turn

%: faith
@: very quick
A: very small, no large weapons, unfitting armour, see invisible, speed 3
a: Renounce Religion, Draw Escape, Draw Destruction, Draw Summoning


You were on level 3 of the Dungeon.
You worshipped Nemelex Xobeh.
Nemelex Xobeh was aware of your devotion.
You visited 1 branch of the dungeon, and saw 3 of its levels.

You collected 91 gold pieces.
You spent 54 gold pieces at shops.

Inventory:

Hand Weapons
 a - a +1 dagger
 b - a +0 sling
 o - a +3 dagger of speed
 s - a +2 dagger of venom (weapon)
Armour
 d - a +0 robe (worn)
 q - a +0 buckler
Jewellery
 g - a ring of protection from fire (left hand)
 h - an amulet of faith (around neck)
 l - a ring of protection from cold (right hand)
Wands
 f - a wand of flame (12)
Scrolls
 j - a scroll of poison {unknown}
 m - a scroll of blinking {unknown}
 p - a scroll of brand weapon
Potions
 c - 2 potions of invisibility
 e - a potion of attraction
 i - a potion of heal wounds {unknown}
 k - a potion of resistance {unknown}
 n - a potion of degeneration {unknown}
 r - 2 potions of curing {unknown}


   Skills:
 + Level 2.6 Short Blades
 - Level 4.0 Dodging
 + Level 5.7 Stealth
 - Level 2.7 Spellcasting
 - Level 3.6 Hexes
 + Level 0.9 Invocations


You had 6 spell levels left.
You knew the following spells:

 Your Spells              Type           Power      Damage    Failure   Level
a - Ensorcelled Hibernat  Hex/Ice        16%        N/A       14%         2

Your spell library contained the following spells:

 Spells                   Type           Power      Damage    Failure   Level
 Confusing Touch          Hex            13%        N/A       13%         3
 Tukima's Dance           Hex            13%        N/A       13%         3
 Dazzling Flash           Conj/Hex       16%        N/A       26%         3
 Portal Projectile        Hex/Tloc       16%        N/A       26%         3
 Scorch                   Fire           4%         2d5       28%         2
 Flame Wave               Conj/Fire      2%         2d4       88%         4
 Blade Hands              Tmut           1%         N/A       99%         5
 Summon Cactus Giant      Summ           1%         N/A       100%        6


Dungeon Overview and Level Annotations

Branches:
Dungeon (3/15)

Altars:
Nemelex Xobeh

Shops:
D:1 =   D:3 [:[


Innate Abilities, Weirdness & Mutations

You are very small and have problems with some larger weapons.
You are too small for most types of armour.
You have supernaturally acute eyesight. (SInv)
You cover ground extremely quickly. (Speed+++)


Message History

The rat closely misses you.
You hit the rat but do no damage.
The rat is heavily wounded.
You hit the rat.
You kill the rat!
No target in view!
No target in view!
An orc comes into view. It is wielding a +0 mace.
Things that are here:
a +2 dagger of venom; a rat corpse
s - a +2 dagger of venom Your +2 dagger of venom begins to drip with poison!
s - a +2 dagger of venom (weapon)
The orc shouts!
An orc wizard comes into view. It is wielding a +0 dagger.
You closely miss the orc.
The orc shouts!
The orc wizard shouts!
You hit the orc.
The orc is severely wounded.
The orc wizard gestures wildly while chanting.
The orc wizard flickers and vanishes for a moment.
The orc hits you with a +0 mace!
You hit the orc.
The orc is poisoned.
The orc is almost dead.
The orc closely misses you.
You closely miss the orc.
The orc is almost dead.
The orc misses you.
You barely miss the orc.
The orc is almost dead.
The orc barely misses you. The orc closely misses you.
You hit the orc.
The orc is poisoned.
The orc is heavily wounded.
The orc hits you with a +0 flail!
* * * LOW HITPOINT WARNING * * *
You hit the orc.
You kill the orc!
The orc hits you with a +0 flail!
You die...
Your body glows slightly and disappears.

<.∩.$...#.:........#...##.#...
.....>........................
....................##........
......................#####...
########..)........##.# ###.#
#..)†........##.####....
#.#..........##.........
#.#..........#.......#..
#.#..$)@............##.#
#.#.##..o...###.........
...##.o.....##....).<).
....##...............#... .#.#
#.......#(......#.#. #.
#...............#.#.
........#.........#[
...#...#.##.......###
.....##... #


You could see an orc wizard (invisible) and an orc (very poisoned).

Vanquished Creatures
  The ghost of hawla the Firebug, a weakling MeFE (D:3)
  2 adders (D:2)
  2 worms (D:2)
  2 dart slugs (D:1)
  4 orcs (D:3)
  4 ball pythons
  7 endoplasms
  3 giant cockroaches
  2 hobgoblins (D:2)
  2 quokkas
  2 bats
  3 frilled lizards
  4 goblins
  5 kobolds
  6 rats
49 creatures vanquished.

Notes
Turn   | Place    | Note
-------+----------+-------------------------------------------
     0 | D:1      | Hubris850 the Spriggan Enchanter began the quest for the
                  | Orb.
     0 | D:1      | Reached XP level 1. HP: 9/9 MP: 5/5
   313 | D:1      | Reached XP level 2. HP: 13/13 MP: 6/6
   316 | D:1      | Learned a level 2 spell: Ensorcelled Hibernation
   519 | D:1      | Found a faded altar of an unknown god.
   682 | D:1      | Reached skill level 5 in Stealth
   813 | D:1      | Found Zanwe's Jewellery Shoppe.
  1236 | D:2      | Reached XP level 3. HP: 16/16 MP: 8/8
  1509 | D:1      | Prayed at the altar of an unknown god.
  1509 | D:1      | Became a worshipper of Nemelex Xobeh the Trickster
  1509 | D:1      | Reached * piety under Nemelex Xobeh
  1509 | D:1      | Received a gift from Nemelex Xobeh
  2073 | D:3      | Found Retun's Armour Boutique.
  2105 | D:3      | Found a runed translucent door.
  2142 | D:3      | Noticed hawla's ghost (weakling MeFE)
  2163 | D:3      | Killed hawla's ghost
  2164 | D:3      | Reached XP level 4. HP: 15/21 MP: 9/9
  2251 | D:3      | Bought a +0 buckler for 54 gold pieces
  2263 | D:3      | Found Bivem's Book Shop.
  2284 | D:3      | Found Poeff's Armour Shoppe.
  2317 | D:3      | Slain by an orc

Illustrated notes

Levels and vault maps discovered:
D:1:      lightli_arrival_noodles, layout_basic, serial_shops,
          nicolae_shop_waterfront, nicolae_ecumenical_snake_handling
D:2:      layout_loops_corners
D:3:      layout_rooms, mainiacjoe_overflow_boulevard,
          ebering_ghost_reflecting_pool, serial_shops, shop,
          nicolae_shop_pleasant_corner_grove, nicolae_shop_waterfront,
          nicolae_shop_stone

Skill      XL: |  1  2  3 |
---------------+----------+-----
Dodging        | 3 4 |  4.0
Stealth        | 5 |  5.7
Short Blades   | 2 |  2.6
Spellcasting   | |  2.7
Hexes          | |  3.6
Invocations    | |  0.9

Action                     |  1- 3 |  4- 6 || total
---------------------------+-------+-------++-------
  Melee: Dagger            |   144 |    22 ||   166
         Punch             |     2 |       ||     2
   Cast: Ensorcelled Hiber |     3 |       ||     3
    Use: Scroll            |       |     2 ||     2
   Stab: Sleeping          |    16 |     1 ||    17
 Armour: Robe              |     7 |       ||     7
  Dodge: Dodged            |    89 |    10 ||    99
